 Dungeon Crawl Stone Soup version 0.19.1-1-g22dce08 (webtiles) character file.

434 theAP the Grave Robber (level 6, 0/46 HPs)
             Began as a Demonspawn Necromancer on Dec 30, 2016.
             Was an Initiate of Makhleb.
             Killed from afar by an orc wizard (8 damage)
             ... with a magic dart
             ... on level 4 of the Dungeon.
             The game lasted 00:14:22 (3162 turns).

theAP the Grave Robber (Demonspawn Necromancer)     Turns: 3162, Time: 00:14:26

Health: 0/46       AC:  4    Str:  8    XL:     6   Next: 68%
Magic:  7/11       EV: 12    Int: 24    God:    Makhleb [......]
Gold:   175        SH:  0    Dex: 13    Spells: 1 memorised, 11 levels left

rFire  . . .     SeeInvis .     (no weapon)
rCold  . . .     Gourm    .     e - +0 leather armour
rNeg   . . .     Faith    .     (no shield)
rPois  .         Spirit   .     (helmet restricted)
rElec  .         Reflect  .     (no cloak)
rCorr  .         Harm     .     (no gloves)
MR     .....                    i - +0 pair of boots
Stlth  ++........               (no amulet)
                                (no ring)
                                (no ring)

@: brilliant, exhausted, slowed, very slow
A: antennae 2, demonic guardian 1
a: Renounce Religion


You were on level 4 of the Dungeon.
You worshipped Makhleb.
Makhleb was noncommittal.
You were hungry.

You visited 1 branch of the dungeon, and saw 4 of its levels.

You collected 175 gold pieces.

Inventory:

Armour
 a - a +0 robe
 e - a +0 leather armour (worn)
 i - a +0 pair of boots (worn)
Wands
 q - a wand of flame (0/48)
 s - a wand of digging (10/24)
Scrolls
 d - 5 scrolls of identify
 f - a scroll of noise {unknown}
 g - a scroll of enchant armour {unknown}
 j - a scroll of remove curse {unknown}
 n - a scroll of recharging {unknown}
 o - 2 scrolls of teleportation {unknown}
 p - 2 scrolls of blinking {unknown}
 r - 2 scrolls of fear {unknown}
Potions
 l - a potion of brilliance
 m - a potion of cancellation {unknown}
Books
 b - a book of Necromancy

   Spells                             Type                      Level
   a - Pain                           Necromancy                   1
   b - Animate Skeleton               Necromancy                   1
   c - Vampiric Draining              Necromancy                   3
   d - Regeneration                   Charms/Necromancy            3
   e - Animate Dead                   Necromancy                   4
   f - Control Undead                 Necromancy                   4
Comestibles
 c - 4 bread rations


   Skills:
 * Level 2.8 Fighting
 + Level 1.3 Armour
 + Level 2.0 Dodging
 + Level 2.0 Stealth
 + Level 0.1 Unarmed Combat
 + Level 3.9 Spellcasting
 + Level 6.2 Necromancy
 + Level 1.1 Evocations


You had 11 spell levels left.
You knew the following spells:

 Your Spells              Type           Power        Failure   Level  Hunger
a - Pain                  Necr           ####         1%          1    None


Dungeon Overview and Level Annotations

Branches:
Dungeon (4/15)
 Temple: D:4-7

Altars:
Gozag
Makhleb
Zin

Annotations:
D:3 Sigmund


Innate Abilities, Weirdness & Mutations

You have a pair of antennae on your head.
A weak demonic guardian rushes to your aid.


Message History

The orc throws a stone.
The stone hits you.
* * * LOW HITPOINT WARNING * * *
It was a potion of berserk rage.
A red film seems to cover your vision as you go berserk!
You feel yourself moving faster!
You feel mighty!
The orc throws a tomahawk.
The tomahawk hits you but does no damage.
The orc wizard points at you and mumbles some strange words.
Your shadow imp seems to slow down.
You feel a strong urge to attack something.
Something disappears in a puff of smoke!
The orc throws a tomahawk.
The tomahawk closely misses you.
You see here a tomahawk.
You feel your anger subside.
You are no longer berserk.
You are exhausted.
You feel yourself slow down.
The orc throws a stone.
The stone hits you but does no damage.
The orc wizard points at you and mumbles some strange words.
The magic dart hits you!
You die...

##...###.... .. ##...#
... .. ..# ##...###.##
#. ..# <........# #.
.... .......### #.##
..... ...<...# ..#
#.....
.......########.##.....
...................#
..........#####<@###
.......##....###.(##
.......##......##.(#
....>..........###)(...#
.######.........
##.(..... ## .........


oo).... ......... ....... †.o.... ....... You could see an orc wizard and 2
orcs.

Vanquished Creatures
  A hound (D:4)
  An orc wizard (D:3)
  2 adders (D:2)
  An ooze (D:2)
  2 dart slugs (D:2)
  3 leopard geckos
  6 orcs
  3 ball pythons (D:2)
  5 giant cockroaches
  12 goblins
  A hobgoblin (D:1)
  3 jackals (D:2)
  5 kobolds
  A quokka (D:2)
  2 bats (D:2)
  6 frilled lizards
  2 rats (D:2)
56 creatures vanquished.

Vanquished Creatures (collateral kills)
  Grinder (D:3)
  An ogre (D:4)
  An orc priest (D:4)
  An orc wizard (D:4)
  A giant cockroach (D:3)
  A jackal skeleton (D:4)
6 creatures vanquished.

Grand Total: 62 creatures vanquished

Notes
Turn   | Place    | Note
-------+----------+-------------------------------------------
     0 | D:1      | theAP the Demonspawn Necromancer began the quest for the Orb.
     0 | D:1      | Reached XP level 1. HP: 13/13 MP: 3/3
   290 | D:1      | Gained mutation: A weak demonic guardian rushes to your aid. [demonic ancestry]
   290 | D:1      | Reached XP level 2. HP: 5/19 MP: 0/5
  1019 | D:2      | Reached skill level 5 in Necromancy
  1105 | D:2      | Gained mutation: You have a pair of small antennae on your head. [demonic ancestry]
  1105 | D:2      | Reached XP level 3. HP: 24/24 MP: 4/6
  1524 | D:2      | Found an opulent altar of Gozag.
  1627 | D:2      | Gained mutation: You have a pair of antennae on your head. [demonic ancestry]
  1627 | D:2      | Reached XP level 4. HP: 13/31 MP: 5/8
  1836 | D:3      | Reached skill level 1 in Fighting
  1868 | D:3      | Found a burning altar of Makhleb.
  1870 | D:3      | Noticed a blizzard demon
  1874 | D:3      | Noticed a ynoxinul
  1874 | D:3      | Noticed a hellwing
  1894 | D:3      | Became a worshipper of Makhleb the Destroyer
  2305 | D:3      | Noticed Grinder
  2359 | D:3      | Killed Grinder
  2359 | D:3      | Reached skill level 1 in Armour
  2359 | D:3      | Reached XP level 5. HP: 23/39 MP: 8/10
  2359 | D:3      | Reached XP level 6. HP: 28/46 MP: 8/11
  2769 | D:3      | Noticed Sigmund
  2783 | D:4      | Reached skill level 6 in Necromancy
  2855 | D:4      | Reached skill level 1 in Evocations
  2989 | D:4      | Found a glowing silver altar of Zin.
  3162 | D:4      | Killed from afar by an orc wizard

Skill      XL: |  1  2  3  4  5  6 |
---------------+-------------------+-----
Necromancy     | 5 6 |  6.2
Fighting       | 2 |  2.8
Armour         | 1 |  1.3
Dodging        | 2 |  2.0
Stealth        | 2 |  2.0
Spellcasting   | 3 |  3.9
Evocations     | 1 |  1.1
Unarmed Combat | |  0.1

Action                   |  1- 3 |  4- 6 || total
-------------------------+-------+-------++-------
Melee: Unarmed           |    24 |    19 ||    43
 Cast: Pain              |    59 |    50 ||   109
Evoke: Wand              |       |    11 ||    11
  Use: Scroll            |     1 |       ||     1
       Potion            |       |     5 ||     5
  Eat: Chunk             |     3 |     1 ||     4
       Beef jerky        |       |     2 ||     2
Armor: Robe              |     3 |       ||     3
       Leather armour    |     6 |     9 ||    15
Dodge: Dodged            |    22 |     8 ||    30
